AoeStats
← Launger

Arena

508651219Analyzed
4v4 RM · 10d ago on Sep 23, 2026· 50m 14s· 8 players
Game mode
Random Map
Map size
Large (8 player)
Population
200
Speed
Normal
Resources
Standard
Victory
Conquest
Starting age
Dark Age
Ending age
Imperial Age
RankedLock teamsTeams togetherTeam positionsShared explorationLock speedFull tech treeHidden civsTurbo modeCheats
Victory
Defeat
🇻🇪 Saxons · Venezuela
1285
+14
🇹🇷 Byzantines · Türkiye
1277
+14
🇵🇪 Italians · Peru
1233
+16
🇺🇸 Cumans · United States
1201
+17
🇹🇼 Goths · Taiwan
1290
-17
🇹🇼 Persians · Taiwan
1290
-18
🇵🇱 Burgundians · Poland
1179
-13
🇭🇰 Danes · Hong Kong SAR China
1169
-13
Kryptonknight
9:01 Feudal Age
9:56 Double-Bit Axe
9:52 Horse Collar
12:12 Loom
15:57 Wheelbarrow
21:11 Castle Age
20:20 Scale Mail Armor
20:31 Forging
21:17 Man-at-Arms
21:58 Squires
22:14 Chain Mail Armor
22:35 Iron Casting
22:12 Bow Saw
22:03 Heavy Plow
22:53 Hand Cart
22:15 Long Swordsman
22:51 Pikeman
24:04 Gold Mining
25:56 Stone Mining
26:41 Gold Shaft Mining
30:19 Imperial Age
28:36 Arson
28:55 Town Watch
28:55 Loom
29:37 Capped Ram
30:35 Two-Handed Swordsman
30:36 Halberdier
32:17 Blast Furnace
31:55 Plate Mail Armor
32:51 Champion
33:55 Fletching
34:27 Ballistics
34:03 Murder Holes
34:53 Conscription
36:48 Bodkin Arrow
38:16 Siege Ram
41:09 Masonry
zxyw
12:48 Feudal Age
13:30 Horse Collar
13:36 Double-Bit Axe
16:19 Castle Age
17:35 Heavy Plow
17:45 Bow Saw
20:07 Loom
22:18 Stone Mining
29:56 Imperial Age
27:18 Gold Mining
28:03 Stone Shaft Mining
28:50 Wheelbarrow
28:47 Pikeman
29:27 Squires
29:12 Arson
28:52 Crossbowman
29:35 Padded Archer Armor
29:26 Fletching
29:47 Forging
29:55 Man-at-Arms
31:45 Chemistry
31:05 Ballistics
31:29 Crop Rotation
32:18 Two-Man Saw
32:08 Leather Archer Armor
31:49 Bodkin Arrow
31:16 Arbalester
33:40 Thumb Ring
32:55 Elite Skirmisher
34:08 Ring Archer Armor
33:38 Bracer
35:26 Elite Genoese Crossbowman
37:29 Light Cavalry
38:20 Bloodlines
38:10 Husbandry
38:41 Scale Mail Armor
39:16 Iron Casting
38:47 Scale Barding Armor
38:48 Hussar
43:04 Hand Cart
42:35 Town Watch
43:19 Chain Barding Armor
43:14 Chain Mail Armor
44:00 Blast Furnace
48:31 Bombard Tower
48:31 Ballistics
48:02 Heated Shot
48:22 Fortified Wall
47:58 Arrowslits
48:04 Guard Tower
47:55 Treadmill Crane
48:10 Murder Holes
48:26 Masonry
48:27 Spies/Treason
50:22 Pirotechnia
50:33 Silk Road
50:34 Conscription
50:49 Hoardings
Potro Occidental
8:00 Feudal Age
7:15 Loom
8:36 Double-Bit Axe
10:07 Horse Collar
17:21 Castle Age
18:35 Bow Saw
20:57 Wheelbarrow
25:25 Hand Cart
25:30 Scale Mail Armor
27:30 Chain Mail Armor
27:26 Forging
30:01 Imperial Age
28:54 Treadmill Crane
29:05 Gambesons
29:24 Squires
29:21 Arson
29:33 Gold Mining
29:35 Stone Mining
31:28 Iron Casting
31:24 Plate Mail Armor
30:37 Capped Ram
32:32 Elite Varangian Guard
33:47 Conscription
34:03 Hoardings
33:25 Fletching
38:16 Siege Ram
41:01 Elite Hearth Troop
C42
11:33 Feudal Age
11:59 Double-Bit Axe
11:55 Horse Collar
15:50 Castle Age
17:05 Bow Saw
16:55 Heavy Plow
18:14 Wheelbarrow
25:01 Gold Mining
25:34 Hand Cart
29:53 Imperial Age
27:52 Stone Mining
29:09 Gold Shaft Mining
29:12 Stone Shaft Mining
28:32 Loom
29:21 Ballistics
28:46 Treadmill Crane
29:39 Coinage
29:11 Caravan
29:32 Forging
29:27 Scale Barding Armor
30:13 Husbandry
30:50 Iron Casting
30:35 Chain Barding Armor
30:47 Fortified Wall
30:33 Murder Holes
32:11 Two-Man Saw
31:42 Crop Rotation
32:18 Plate Barding Armor
32:48 Chemistry
32:16 Conscription
32:05 Heavy Camel Rider
33:09 Arrowslits
34:13 Bombard Tower
33:17 Elite Cataphract
34:12 Logistica
34:59 Hoardings
35:43 Greek Fire
37:59 Guilds
38:19 Banking
41:46 Fletching
41:56 Padded Archer Armor
41:51 Guard Tower
48:51 Spies/Treason
Launger
11:27 Feudal Age
10:29 Loom
11:32 Double-Bit Axe
15:47 Castle Age
15:01 Bow Saw
14:33 Horse Collar
15:13 Heavy Plow
22:09 Fortified Wall
23:28 Wheelbarrow
23:24 Scale Barding Armor
23:30 Forging
24:49 Chain Barding Armor
24:50 Cavalier
25:31 Husbandry
26:15 Iron Casting
26:27 Hand Cart
26:35 Gold Mining
26:35 Stone Mining
31:34 Imperial Age
32:51 Plate Barding Armor
33:22 Blast Furnace
32:13 Paladin
34:17 Chemistry
37:18 Scale Mail Armor
37:19 Padded Archer Armor
36:43 Man-at-Arms
37:29 Squires
37:14 Arson
37:22 Long Swordsman
38:02 Two-Handed Swordsman
38:49 Champion
41:06 Chain Mail Armor
41:06 Leather Archer Armor
43:48 Pikeman
聽話 讓我看看
10:56 Feudal Age
14:41 Castle Age
12:42 Double-Bit Axe
12:40 Horse Collar
16:01 Heavy Plow
16:15 Bow Saw
17:56 Loom
23:47 Wheelbarrow
23:07 Stone Mining
23:07 Gold Mining
25:43 Hand Cart
26:04 Town Watch
26:16 Gold Mining
29:13 Imperial Age
27:30 Pikeman
28:13 Scale Mail Armor
28:24 Forging
28:32 Squires
28:40 Man-at-Arms
29:39 Chain Mail Armor
29:26 Padded Archer Armor
29:18 Long Swordsman
29:19 Halberdier
31:20 Chemistry
30:04 Two-Handed Swordsman
31:31 Iron Casting
31:29 Champion
33:50 Blast Furnace
36:36 Masonry
38:21 Conscription
38:41 Anarchy
38:04 Elite Huskarl
39:01 Fletching
39:27 Leather Archer Armor
心態調整師
10:29 Feudal Age
11:51 Loom
14:35 Castle Age
12:51 Double-Bit Axe
14:11 Horse Collar
17:50 Bow Saw
21:38 Loom
24:41 Heavy Plow
26:26 Gold Mining
27:21 Wheelbarrow
27:35 Town Watch
31:27 Imperial Age
29:21 Bloodlines
29:44 Scale Barding Armor
29:49 Forging
30:06 Husbandry
31:39 Hand Cart
31:11 Town Watch
32:07 Chain Barding Armor
31:09 Cavalier
32:04 Forging
32:10 Masonry
33:07 Conscription
33:36 Gold Shaft Mining
32:46 Savar
34:22 Plate Barding Armor
34:54 Iron Casting
37:18 Blast Furnace
36:21 Stone Mining
36:34 Light Cavalry
37:33 Murder Holes
37:31 Fletching
37:13 Hussar
38:10 Heavy Camel Rider
39:28 Bodkin Arrow
I just want to farm!!!
0:27 Loom
Connection lost

Rejoining the realm…

Still unreachable

The connection could not be restored.

Session expired

The server has moved on; the page needs a fresh start.